 Dungeon Crawl Stone Soup version 0.20.1-1-g8b1a95d (webtiles) character file.

3 ScottishVillain the Magician (level 1, 0/10 HPs)
             Began as a Spriggan Wanderer on Dec 29, 2017.
             Slain by a rat (1 damage)
             ... on level 1 of the Dungeon.
             The game lasted 00:02:32 (404 turns).

ScottishVillain the Magician (Spriggan Wanderer)     Turns: 404, Time: 00:02:33

Health: 0/10       AC:  2    Str:  8    XL:     1   Next: 41%
Magic:  5/5        EV: 15    Int: 15    God:
Gold:   44         SH:  0    Dex: 13    Spells: 3/5 levels left

rFire    . . .     SeeInvis +   e - +0 dagger
rCold    . . .     Gourm    .   (shield restricted)
rNeg     . . .     Faith    .   d - +0 robe
rPois    .         Spirit   .   (helmet restricted)
rElec    .         Reflect  .   (no cloak)
rCorr    .         Harm     .   (gloves unavailable)
MR       .....                  (boots unavailable)
Stlth    ++........             (no amulet)
Regen    0.1/turn               (no ring)
MPRegen  0.1/turn               (no ring)

@: very quick
A: unfitting armour, see invisible, herbivore 3, speed 3, slow metabolism 2
a: no special abilities


You were on level 1 of the Dungeon.
You were not hungry.

You visited 1 branch of the dungeon, and saw 1 of its levels.

You collected 44 gold pieces.

Inventory:

Hand Weapons
 e - a +0 dagger (weapon)
 m - a +0 hunting sling
Armour
 d - a +0 robe (worn)
Jewellery
 i - a +2 ring of strength {unknown}
Scrolls
 g - a scroll of identify {unknown}
 h - a scroll of immolation {unknown}
 l - a scroll of fear {unknown}
Potions
 j - a potion of mutation {unknown}
 k - a potion of might {unknown}
Books
 a - a book of Minor Magic

   Spells                             Type                      Level
   a - Magic Dart                     Conjuration                  1
   b - Blink                          Translocation                2
   c - Call Imp                       Summoning                    2
   d - Slow                           Hexes                        2
   e - Conjure Flame                  Conjuration/Fire             3
   f - Mephitic Cloud                 Conjuration/Poison/Air       3
 b - the Guide on Calling

   Spells                             Type                      Level
   a - Summon Small Mammal            Summoning                    1
   b - Recall                         Summoning/Translocation      3
 c - Xomesaeb's Handbook of Changing

   Spells                             Type                      Level
   a - Beastly Appendage              Transmutation                1
   b - Ignite Poison                  Fire/Transmutation/Poison    3
Comestibles
 f - 3 bread rations


   Skills:
 + Level 1.6 Fighting
 + Level 1.0 Throwing
 + Level 0.4 Dodging
 + Level 1.5 Stealth
   Level 1.0 Shields
 + Level 1.6 Unarmed Combat
 + Level 2.7 Spellcasting
 + Level 1.5 Transmutations


You had 3 spell levels left.
You knew the following spells:

 Your Spells              Type           Power        Failure   Level  Hunger
a - Magic Dart            Conj           #...         21%         1    #......
b - Beastly Appendage     Tmut           #.....       11%         1    #......


Dungeon Overview and Level Annotations

Branches:
Dungeon (1/15)

Altars:


Innate Abilities, Weirdness & Mutations

You are very small and have problems with some larger weapons.
You are too small for most types of armour.
You have supernaturally acute eyesight. (SInv)
You are a herbivore.
You cover ground extremely quickly.
You need consume almost no food.


Message History

You hit the goblin.
You kill the goblin!
The rat bites you but does no damage.
Things that are here:
a club; a goblin corpse The rat bites you.
* * * LOW HITPOINT WARNING * * *
Things that are here:
a club; a goblin corpse You barely miss the rat.
The rat bites you.
* * * LOW HITPOINT WARNING * * *
You hit the rat but do no damage. The rat bites you.
* * * LOW HITPOINT WARNING * * *
You hit the rat.
The rat is heavily wounded.
The rat barely misses you.
You completely miss the rat.
The rat is heavily wounded.
The rat bites you.
You die...

#######..# ###
#.......##
#.#####.# #. #.#
#. #.####... #.
#......r. ##.##
##.######.
#..%###...#####.
#...@r..........
#[..###...#####.
##### ##.## #.#
#.. #... #####


You could see a rat.

Vanquished Creatures
  A goblin (D:1)
  A hobgoblin (D:1)
  A bat (D:1)
3 creatures vanquished.

Notes
Turn   | Place    | Note
-------+----------+-------------------------------------------
     0 | D:1      | ScottishVillain the Spriggan Wanderer began the quest for the Orb.
     0 | D:1      | ScottishVillain set off with: a book of Minor Magic, the Guide on Calling, Xomesaeb's Handbook of Changing, a +0 robe, a +0 dagger, a bread ration
     0 | D:1      | Reached XP level 1. HP: 10/10 MP: 5/5
     3 | D:1      | Learned a level 1 spell: Magic Dart
     3 | D:1      | Identified the Guide on Calling
     3 | D:1      | Identified Xomesaeb's Handbook of Changing
     5 | D:1      | Learned a level 1 spell: Beastly Appendage
   404 | D:1      | Slain by a rat

Action                   || total
-------------------------++-------
Melee: Dagger            ||    25
 Cast: Beastly Appendage ||     1
Armor: Robe              ||     6
Dodge: Dodged            ||    22
